 Dungeon Crawl Stone Soup version 0.19.1-1-g22dce08 (webtiles) character file.

47627 galech the Bludgeoner (level 14, -8/158 (159) HPs)
             Began as an Ogre Berserker on Jan 6, 2017.
             Was a High Priest of Trog.
             Mangled by an orc knight
             ... wielding a +1 long sword of holy wrath
              (30 damage)
             ... on level 1 of the Orcish Mines.
             The game lasted 00:57:14 (22872 turns).

galech the Bludgeoner (Ogre Berserker)             Turns: 22872, Time: 00:57:14

HP:   -8/158 (159)  AC: 19    Str: 29    XL:     14   Next: 42%
MP:   0/32          EV:  9    Int:  8    God:    Trog [*****.]
Gold: 1173          SH:  0    Dex:  9    Spells: 0 memorised, 13 levels left

rFire  . . .     SeeInvis .     S - +3 giant spiked club
rCold  . . .     Gourm    .     P - +3 storm dragon scales
rNeg   . . .     Faith    .     (shield currently unavailable)
rPois  .         Spirit   +     (helmet restricted)
rElec  +         Reflect  .     W - +0 cloak
rCorr  .         Harm     .     (gloves unavailable)
MR     +....                    (boots unavailable)
Stlth  ..........               b - amulet of guardian spirit
                                I - ring of magical power
                                E - ring of magical power

@: exhausted, slowed, very slow
A: unfitting armour, blurry vision 1, clever 1, screaming 1, tough skin 1
a: Berserk, Trog's Hand, Brothers in Arms, Burn Spellbooks, Renounce Religion


You were on level 1 of the Orcish Mines.
You worshipped Trog.
Trog was extremely pleased with you.
You were hungry.

You visited 4 branches of the dungeon, and saw 19 of its levels.

You collected 1357 gold pieces.
You spent 184 gold pieces at shops.

Inventory:

Hand Weapons
 c - a +2 mace of draining
 k - a +2 great mace of crushing
 B - a +2 morningstar of draining
 S - a +3 giant spiked club (weapon)
 T - the +12 great mace "Qiqiupob" {vamp, *Corrode +Inv rElec Dex+5, unknown}
   (Trog gifted it to you on level 4 of the Lair of Beasts)

   It inflicts no extra harm, but heals its wielder when it wounds a living foe.
   It affects your dexterity (+5).
   It insulates you from electricity.
   It lets you turn invisible.
   It may corrode you when you take damage.
Missiles
 O - 2 javelins of returning (quivered)
Armour
 m - +3 swamp dragon scales
 P - +3 storm dragon scales (worn)
 W - a +0 cloak (worn)
Jewellery
 a - an uncursed amulet of regeneration {unknown}
 b - an amulet of guardian spirit (around neck)
 p - a +5 ring of intelligence
 y - an uncursed ring of protection from fire
 A - an uncursed ring of ice {unknown}
 E - a ring of magical power (left hand)
 G - an uncursed ring of protection from cold
 I - a ring of magical power (right hand)
Wands
 v - a wand of lightning (9/15)
Scrolls
 h - 4 scrolls of remove curse
 j - 3 scrolls of fear
 n - 6 scrolls of fog
 s - 2 scrolls of blinking
 w - 3 scrolls of magic mapping
 H - 2 scrolls of recharging
 K - 3 scrolls of teleportation
 N - a scroll of vulnerability {unknown}
 V - a scroll of holy word
Potions
 e - 2 potions of brilliance
 f - 2 potions of haste
 g - 6 potions of heal wounds {unknown}
 i - a potion of cure mutation
 o - a potion of flight
 q - a potion of resistance
 r - 3 potions of mutation {unknown}
 t - 2 potions of degeneration {unknown}
 u - a potion of cancellation {unknown}
 x - 2 potions of curing
 C - 2 potions of lignification
 D - 2 potions of magic {unknown}
 L - 2 potions of ambrosia {unknown}
 M - a potion of beneficial mutation {unknown}
 R - 3 potions of agility
Comestibles
 d - 20 fruits
 l - 6 meat rations
 z - 3 royal jellies
 F - a beef jerky
 J - 9 bread rations
 Q - 2 chunks of flesh
 Z - 2 slices of pizza


   Skills:
 + Level 15.1 Fighting
 + Level 20.7 Maces & Flails
 + Level 0.4 Throwing
 + Level 9.5 Armour
 + Level 6.5 Dodging
 + Level 2.2 Stealth


You had 13 spell levels left.
You didn't know any spells.

Dungeon Overview and Level Annotations

Branches:
Dungeon (12/15)            Temple (0/1) D:7            Lair (4/6) D:11
  Swamp (0/4) Lair:4        Snake (1/4) Lair:4          Orc (2/2) D:12
    Elf (0/3) Orc:2

Altars:
Dithmenos
Elyvilon
Fedhas
Kikubaaqudgha
Nemelex Xobeh
Okawaru
Ru
Sif Muna
Uskayaw
Vehumet
Xom
Zin
The Shining One
Beogh

Shops:
D:7 %   D:11 ?


Innate Abilities, Weirdness & Mutations

You are too large for most types of armour.
You have tough skin. (AC +1)
Scrolls take you a little longer to read.
Your mind is acute. (Int +2)
You occasionally shout uncontrollably at your foes.


Message History

an enchanted dagger; a robe The smoke demon gestures at you.
Beogh smites you!
* * * LOW HITPOINT WARNING * * *
The orc knight hits you with a long sword.
* * * LOW HITPOINT WARNING * * *
You see here 2 tomahawks of returning.
The soul eater draws from the surrounding life force!
* * * LOW HITPOINT WARNING * * *
The orc high priest mumbles some strange prayers to Beogh against you.
Beogh smites you!
* * * LOW HITPOINT WARNING * * *
There is a stone staircase leading down, spattered with blood here.
You see here a tomahawk of returning.
The orc high priest barely misses you. The orc knight barely misses you.
The orc knight unwields an uncursed arbalest.
The orc knight wields an uncursed long sword of holy wrath.
It softly glows with a divine radiance!
The orc knight hits you with an uncursed long sword of holy wrath!!!
You die...

#........#..#.....##
##.................# ...
###..........# ...#....
#.^........###.##....
##.........#.......#
#.......).#.......##
##......^..........#
#######...4...o[.....#
##.#)##.....o.3o@.....#
#.o)o4...#....3o......#
##)####.#.o...)....#...#
#o..o#####........##
...# #.ooo# ##......##
.##


#oooo# #........# # #ooo.# ##...##.## #....# ###.#### #....# ... You could see 4
orc knights, a soul eater, an orc high priest, an ice devil and a smoke demon.

Vanquished Creatures
  The ghost of Quirk the Severer, a journeyman DsFi of Okawaru (Snake:1)
  An orc warlord (D:7)
  2 stone giants
  2 hydras
  An anaconda (Snake:1)
  Erica (D:8)
  A death knight (D:11)
  An orc high priest (Orc:2)
  A swamp dragon (Lair:2)
  Pikel (D:7)
  A hill giant (D:11)
  4 orc knights
  A lindwurm (Lair:3)
  A deep elf mage (D:11)
  A cyclops (D:11)
  An oklob plant (Lair:1)
  2 orc sorcerers
  A manticore (D:11)
  An ugly thing (D:11)
  4 black mambas
  Maurice (D:10)
  6 spiny frogs
  A gargoyle (D:11)
  3 rime drakes
  8 komodo dragons
  A kobold demonologist (D:12)
  3 freezing wraiths (D:10)
  4 trolls
  A polar bear (Lair:3)
  A tyrant leech (Lair:4)
  A two-headed ogre (D:8)
  17 blink frogs
  3 hippogriffs
  5 slime creatures (D:12)
  4 dream sheep (Lair:4)
  13 yaks
  A spriggan (D:8)
  A vampire (D:12)
  The ghost of Arnot the Cudgeler, an amateur MiBe of Trog (D:4)
  A wraith (D:10)
  A wyvern (Lair:4)
  2 basilisks
  A hungry ghost (D:7)
  16 wargs
  A swamp worm (Lair:4)
  6 water moccasins
  A naga (Snake:1)
  2 soldier ants (D:12)
  9 porcupines
  A meliai simulacrum (D:11)
  3 black bears
  A slave (D:7)
  3 phantoms
  18 orc warriors
  6 ice beasts
  4 sky beasts
  4 necrophages
  8 ogres
  10 wolves
  5 centaurs
  7 crocodiles
  3 big kobolds
  18 bullfrogs
  A wyvern skeleton (D:11)
  19 killer bees
  11 wights
  5 howler monkeys (D:7)
  5 electric eels
  10 crimson imps
  2 bullfrog zombies
  A centaur zombie (D:10)
  5 hounds
  4 jellies
  17 orc wizards
  4 centaur skeletons
  8 orc priests
  5 bullfrog skeletons
  Jessica (D:3)
  4 iguanas
  8 worker ants
  A killer bee zombie (D:8)
  2 centaur simulacra (D:11)
  3 hound zombies
  2 hound skeletons (D:4)
  2 worker ant zombies
  15 adders
  5 shadow imps
  2 white imps (D:11)
  A worker ant simulacrum (D:11)
  2 ufetubi (D:11)
  An ooze (D:4)
  An adder zombie (D:7)
  An adder skeleton (D:8)
  2 worms (D:2)
  2 dart slugs (D:1)
  6 leopard geckos
  65 orcs
  8 giant cockroaches
  5 goblins
  7 hobgoblins
  16 jackals
  16 kobolds
  3 quokkas
  7 bats
  2 frilled lizards (D:4)
  A leopard gecko skeleton (D:5)
  5 rats
  7 plants
535 creatures vanquished.

Vanquished Creatures (others)
  3 slaves (D:7)
  3 orcs (D:7)
  6 fungi
  5 plants
17 creatures vanquished.

Grand Total: 552 creatures vanquished

Notes
Turn   | Place    | Note
-------+----------+-------------------------------------------
     0 | D:1      | galech the Ogre Berserker began the quest for the Orb.
     0 | D:1      | Reached XP level 1. HP: 24/24 MP: 1/1
    60 | D:1      | Reached XP level 2. HP: 20/32 MP: 2/2
   298 | D:1      | Reached XP level 3. HP: 27/40 MP: 3/3
   303 | D:1      | Reached ** piety under Trog
   663 | D:2      | Reached XP level 4. HP: 30/49 MP: 4/4
   793 | D:2      | Reached skill level 5 in Maces & Flails
   820 | D:2      | Reached skill level 5 in Fighting
   840 | D:2      | Found a sacrificial altar of Ru.
  1530 | D:2      | Reached XP level 5. HP: 57/57 MP: 5/5
  1689 | D:3      | Reached skill level 1 in Armour
  1837 | D:3      | Found a glowing silver altar of Zin.
  1840 | D:3      | Noticed an angel
  1844 | D:3      | Found a shimmering altar of Xom.
  1853 | D:3      | Noticed Jessica
  1866 | D:3      | Killed Jessica
  1866 | D:3      | Reached skill level 6 in Maces & Flails
  2502 | D:4      | Reached XP level 6. HP: 62/66 MP: 6/6
  2640 | D:4      | Noticed Arnot's ghost (amateur MiBe)
  2656 | D:4      | Killed Arnot's ghost
  2656 | D:4      | Reached skill level 7 in Maces & Flails
  3104 | D:4      | Reached XP level 7. HP: 72/72 MP: 7/7
  3219 | D:4      | Reached *** piety under Trog
  3693 | D:5      | Entered Level 5 of the Dungeon
  3736 | D:5      | Reached skill level 8 in Maces & Flails
  4079 | D:5      | Found a hide-covered altar of Uskayaw.
  4262 | D:5      | Found an iron altar of Okawaru.
  4315 | D:5      | Reached skill level 9 in Maces & Flails
  4315 | D:5      | Reached XP level 8. HP: 46/83 MP: 8/8
  4628 | D:6      | Reached skill level 1 in Stealth
  4632 | D:6      | Gained mutation: Scrolls take you a little longer to read. [mutagenic meat]
  4634 | D:6      | Gained mutation: You have an increased reservoir of magic. (+10% MP) [mutagenic meat]
  4635 | D:6      | Lost mutation: You have an increased reservoir of magic. (+10% MP) [mutagenic meat]
  4636 | D:6      | Gained mutation: You occasionally shout uncontrollably at your foes. [mutagenic meat]
  4637 | D:6      | Gained mutation: Your magical capacity is low. (-10% MP) [mutagenic meat]
  4731 | D:6      | Reached skill level 10 in Maces & Flails
  4833 | D:6      | Found a blossoming altar of Fedhas.
  5116 | D:6      | Reached **** piety under Trog
  5146 | D:6      | Found a radiant altar of Vehumet.
  5162 | D:6      | Found an ancient bone altar of Kikubaaqudgha.
  5183 | D:6      | Found a deep blue altar of Sif Muna.
  5242 | D:7      | Reached XP level 9. HP: 69/93 MP: 8/8
  5443 | D:7      | Found Oqathut's Food Boutique.
  5547 | D:7      | Reached skill level 11 in Maces & Flails
  5718 | D:7      | Noticed Pikel
  5760 | D:7      | Killed Pikel
  5845 | D:7      | Reached skill level 5 in Armour
  6237 | D:7      | Reached skill level 12 in Maces & Flails
  6245 | D:7      | Reached skill level 5 in Dodging
  6293 | D:7      | Reached XP level 10. HP: 68/106 MP: 9/9
  6581 | D:7      | Reached skill level 13 in Maces & Flails
  6794 | D:7      | Noticed an orc knight
  6807 | D:7      | Killed an orc knight
  6961 | D:7      | Noticed an orc knight
  7562 | D:7      | Found a staircase to the Ecumenical Temple.
  7582 | D:7      | Reached skill level 14 in Maces & Flails
  7728 | D:7      | Reached skill level 10 in Fighting
  8069 | D:7      | Killed an orc knight
  8120 | D:7      | Noticed an orc warlord
  8166 | D:7      | Killed an orc warlord
  8166 | D:7      | Reached XP level 11. HP: 62/119 MP: 7/9
  8446 | D:7      | Got an ancient robe
  8458 | D:7      | Reached skill level 15 in Maces & Flails
  8752 | D:7      | Identified the Almanac of Frigorific Translocation
  9082 | D:8      | Found a hide-covered altar of Uskayaw.
  9159 | D:8      | Noticed Erica
  9173 | D:8      | Killed Erica
  9187 | D:8      | Found a white marble altar of Elyvilon.
  9187 | D:8      | Found a faded altar of an unknown god.
  9192 | D:8      | Found a faded altar of an unknown god.
  9194 | D:8      | Found a faded altar of an unknown god.
  9196 | D:8      | Found a sparkling altar of Nemelex Xobeh.
  9413 | D:8      | Reached ***** piety under Trog
  9907 | D:9      | Received a gift from Trog
 10252 | D:9      | Found a glowing golden altar of the Shining One.
 10342 | D:10     | Entered Level 10 of the Dungeon
 10446 | D:10     | Noticed Maurice
 10463 | D:10     | Killed Maurice
 10463 | D:10     | Reached skill level 16 in Maces & Flails
 11187 | D:11     | Noticed a death knight
 11346 | D:10     | Reached XP level 12. HP: 76/130 MP: 9/10
 11575 | D:11     | Killed a death knight
 12083 | D:11     | Found Loustuic's Magic Scroll Boutique.
 12087 | D:11     | Bought a scroll of magic mapping for 56 gold pieces
 12087 | D:11     | Bought a scroll of identify for 32 gold pieces
 12087 | D:11     | Bought a scroll of identify for 32 gold pieces
 12087 | D:11     | Bought a scroll of identify for 32 gold pieces
 12087 | D:11     | Bought a scroll of identify for 32 gold pieces
 12141 | D:11     | Reached skill level 17 in Maces & Flails
 12675 | D:11     | Identified the +1 robe "Minizom" {rC+ MR+ Str+3 SInv} (You took it off an orc on level 7 of the Dungeon)
 12749 | D:11     | Found a staircase to the Lair.
 13121 | Lair:1   | Entered Level 1 of the Lair of Beasts
 13683 | Lair:1   | Reached skill level 18 in Maces & Flails
 14663 | Lair:1   | Reached XP level 13. HP: 124/143 MP: 11/11
 15898 | Lair:2   | Reached ****** piety under Trog
 15920 | Lair:2   | Reached skill level 19 in Maces & Flails
 16802 | Lair:2   | Received a gift from Trog
 16855 | D:12     | Found a staircase to the Orcish Mines.
 16867 | D:12     | Gained mutation: Your mind is acute. (Int +2) [mutagenic meat]
 16868 | D:12     | Lost mutation: Your magical capacity is low. (-10% MP) [mutagenic meat]
 17308 | D:12     | Found a shadowy altar of Dithmenos.
 17669 | Orc:1    | Entered Level 1 of the Orcish Mines
 17685 | Orc:1    | Paralysed by an orc sorcerer for 4 turns
 17692 | Orc:1    | Noticed a stone giant
 17704 | Orc:1    | Killed a stone giant
 18197 | Orc:2    | Entered Level 2 of the Orcish Mines
 18197 | Orc:2    | Found a staircase to the Elven Halls.
 18201 | Orc:2    | Noticed a stone giant
 20324 | Lair:3   | Reached skill level 20 in Maces & Flails
 20717 | Lair:4   | Found a staircase to the Snake Pit.
 20735 | Lair:4   | Received a gift from Trog
 20740 | Lair:4   | Got a crystal great mace {god gift}
 20748 | Snake:1  | Entered Level 1 of the Snake Pit
 20770 | Snake:1  | Noticed Quirk's ghost (journeyman DsFi)
 20786 | Snake:1  | Reached XP level 14. HP: 86/156 MP: 11/14
 20791 | Snake:1  | Killed Quirk's ghost
 21791 | Lair:4   | Found a staircase to the Swamp.
 22164 | Orc:2    | Killed a stone giant
 22500 | Orc:2    | Reached skill level 15 in Fighting
 22856 | Orc:1    | Found a roughly hewn altar of Beogh.
 22872 | Orc:1    | Mangled by an orc knight

Skill      XL: |  1  2  3  4  5  6  7  8  9 10 11 12 13 14 |
---------------+-------------------------------------------+-----
Dodging        | 3 4 5 6 |  6.5
Maces & Flails | 5 6 7 9 10 12 14 16 18 20 | 20.7
Fighting       | 5 6 7 8 10 11 13 14 15 | 15.1
Armour         | 1 2 3 4 5 6 7 8 9 |  9.5
Stealth        | 1 2 |  2.2
Throwing       | |  0.4

Action                   |  1- 3 |  4- 6 |  7- 9 | 10-12 | 13-15 || total
-------------------------+-------+-------+-------+-------+-------++-------
Melee: Mace              |    86 |   179 |    34 |       |       ||   299
       Flail             |       |       |   293 |       |       ||   293
       Giant club        |       |       |   134 |   516 |       ||   650
       Giant spiked club |       |       |       |   249 |   499 ||   748
Throw: Javelin           |       |       |       |     1 |       ||     1
Invok: Berserk           |       |     1 |     2 |     5 |     5 ||    13
       Trog's Hand       |       |     1 |       |     3 |     2 ||     6
  Use: Scroll            |       |       |     8 |    16 |    11 ||    35
  Eat: Chunk             |       |     7 |    14 |    29 |    27 ||    77
       Bread ration      |       |       |     2 |     1 |     1 ||     4
       Beef jerky        |       |       |     1 |       |     1 ||     2
       Fruit             |       |       |       |       |     2 ||     2
Armor: Animal skin       |    30 |       |       |       |       ||    30
       Swamp dragon scal |     6 |    82 |   227 |   126 |       ||   441
       Skin              |     1 |       |       |       |       ||     1
       Storm dragon scal |       |       |       |   247 |   244 ||   491
Dodge: Dodged            |    67 |    71 |   215 |   349 |   203 ||   905
